 Dungeon Crawl Stone Soup version 0.29-a0-352-g0917bc69df (webtiles) character file.

Game seed: 17617494474313191702

6 spaghetti the Shooter (level 1, 17/17 HPs)
             Began as a Gnoll Wanderer on Apr 24, 2022.
             Was a Follower of Fedhas.
             Quit the game on level 1 of the Dungeon.
             The game lasted 00:00:33 (188 turns).

spaghetti the Shooter (Gnoll Wanderer)               Turns: 188, Time: 00:00:34

Health: 17/17      AC:  3    Str: 11    XL:     1   Next: 90%
Magic:  6/6        EV: 13    Int: 11    God:    Fedhas [*.....]
Gold:   0          SH:  0    Dex: 11    Spells: 8/9 levels left

rFire   . . .      SeeInvis .   a - +2 shortbow {bow}
rCold   . . .      Faith    .   (shield currently unavailable)
rNeg    . . .      Spirit   .   d - +0 robe
rPois   .          Reflect  .   (no helmet)
rElec   .          Harm     .   (no cloak)
rCorr   .          Rampage  .   b - +0 pair of gloves
Will    .....                   (no boots)
Stlth   +.........              (no amulet)
HPRegen 0.05/turn               (no ring)
MPRegen 0.10/turn               (no ring)

@: no status effects
A: fangs 1, strong nose, distributed training
a: Renounce Religion


You were on level 1 of the Dungeon.
You worshipped Fedhas.
Fedhas was aware of your devotion.
You visited 1 branch of the dungeon, and saw 1 of its levels.


Innate Abilities, Weirdness & Mutations

You have very sharp teeth.
Your uncanny sense of smell can sniff out nearby items.
Your experience applies equally to all skills.


   Skills:
 + Level 2.4 Fighting
 + Level 0.2 Short Blades
 + Level 0.2 Long Blades
 + Level 0.2 Axes
 + Level 0.2 Maces & Flails
 + Level 0.2 Polearms
 + Level 0.2 Staves
 + Level 0.2 Slings
 + Level 6.4 Bows
 + Level 0.2 Crossbows
 + Level 0.2 Throwing
 + Level 0.2 Armour
 + Level 4.4 Dodging
 + Level 0.2 Stealth
 + Level 0.2 Shields
 + Level 0.2 Unarmed Combat
 + Level 4.9 Spellcasting
 + Level 0.1 Conjurations
 + Level 0.1 Hexes
 + Level 0.1 Summonings
 + Level 0.1 Necromancy
 + Level 3.6 Translocations
 + Level 0.1 Transmutations
 + Level 0.1 Fire Magic
 + Level 0.1 Ice Magic
 + Level 0.1 Air Magic
 + Level 0.1 Earth Magic
 + Level 0.1 Poison Magic
 + Level 0.3 Invocations
 + Level 0.2 Evocations


You had 8 spell levels left.
You knew the following spells:

 Your Spells              Type           Power      Damage    Failure   Level
a - Apportation           Tloc           20%        N/A       4%          1

Your spell library contained the following spells:

 Spells                   Type           Power      Damage    Failure   Level
 Gell's Gravitas          Tloc           10%        N/A       14%         3

Inventory:

Hand Weapons
 a - a +2 shortbow (weapon) {bow}
Missiles
 f - 25 stones {throwing}
 g - 5 poisoned darts {throwing}
Armour
 b - a +0 pair of gloves (worn)
 d - a +0 robe (worn)
Scrolls
 c - a scroll of blinking {!r}
 e - 3 scrolls of identify {unknown}

Dungeon Overview and Level Annotations

Branches:
Dungeon (1/15)

Altars:
Fedhas

#.# g#
.. #!#
#.##.#
..#.#
#.#.#
##...#
..#..#
#.#@.#
#.##.#
#.##.#
#.##.#
+...>#
#†####
#.#
#.##
#..##


You could see a hobgoblin (asleep).


Message History

No target in view!
No target in view!
No target in view!
Found a faded altar of an unknown god.
A ball python comes into view.
The ball python hisses angrily.
You shoot an arrow.
The arrow barely misses the ball python.
You shoot an arrow. The arrow hits the ball python.
You kill the ball python!
No target in view!
No target in view!
No target in view!
No target in view!
No target in view!
No target in view!
No target in view!
No target in view!
No target in view!
No target in view!
No target in view!
No target in view!
No target in view!
No target in view!
No target in view!
A ball python comes into view.
The ball python hisses angrily.
A ball python comes into view.
Aiming: Apportation (safe; 4% risk of failure)
Press: ? - help, Q - select action, (/) - cycle Dir - move target Apport: 5 poisoned darts Yoink!
You pull the items towards yourself.
The ball python bites you. The ball python misses you.
The ball python bites you. The ball python grabs you.
The ball python constricts you. 😕 HP[-3] MP[-1]
You take 3 damage, and now have 14/17 hp.
You lost 1 mp, and now have 5/6 mp.
Aiming: Apportation (safe; 4% risk of failure)
Press: ? - help, Q - select action, (/) - cycle Dir - move target, f - you Apport: 5 poisoned darts Sorry, you can't target yourself.
Okay, then.
Unknown command.
Shoot: a) +2 shortbow {bow}
Press: ? - help, Q - select action, (/) - cycle Shift-Dir - straight line, f - ball python
Aim: a ball python (60% to hit)
You shoot an arrow. The arrow hits the ball python!
You kill the ball python!
The ball python closely misses you. The ball python constricts you.
Shoot: a) +2 shortbow {bow}
Press: ? - help, Q - select action, (/) - cycle Shift-Dir - straight line, f - ball python
Aim: a ball python (constricting you, 60% to hit)
You shoot an arrow. The arrow hits the ball python!
You kill the ball python! 😕 HP[+1]
There is a faded altar of an unknown god here.
You cannot tell which god this altar belongs to.
Convert to them anyway?
Fedhas accepts your prayer! Fedhas welcomes you!
The plants of the dungeon cease their hostilities.
g - 5 poisoned darts {throwing} 😎 HP[+2] MP[+1]
Your hp is fully restored (17).
Your mp is fully restored (6).
You see here a ball python corpse.
Key pressed, stopping explore.
A quokka comes into view.
You shoot an arrow. The arrow hits the quokka.
You shoot an arrow. The arrow hits the quokka!
You kill the quokka!
Fedhas appreciates your contribution to the ecosystem.
No target in view!
No target in view!
No target in view!
No target in view!
No target in view!
No target in view!
No target in view!
No target in view!
No target in view!
No target in view!
No target in view!
No target in view!
No target in view!
No target in view!
No target in view!
Found a stone staircase leading down.
You see here a quokka corpse.
There is a stone staircase leading down here.
A hobgoblin comes into view.
A hobgoblin is nearby! 🤖 Initializing magus.rc ...
Options error: Delay interrupt name "hungry" not recognised. (~/.crawlrc:4761) Options error: Bad monster_list_colour key: strict_neutral (~/.crawlrc:4776) ✅ Successfully initialized magus.rc [v1.9.6] Welcome back, spaghetti the Gnoll Wanderer.
Fedhas says: Spread life and death.
Press ? for a list of commands and other information.
Are you sure you want to abandon this character and quit the game? (Confirm with "yes".)

Action                   || total
-------------------------++-------
 Fire: Shortbow          ||    16
 Cast: Apportation       ||     1
Dodge: Dodged            ||     4

Levels and vault maps discovered:
D:1:      dpeg_arrival_arbitrary_a, layout_basic,
          nicolae_ecumenical_snake_handling

Notes
Turn   | Place    | Note
-------+----------+-------------------------------------------
     0 | D:1      | spaghetti the Gnoll Wanderer began the quest for the Orb.
     0 | D:1      | spaghetti set off with the following items: a +2 shortbow
                  | {bow}, a +0 pair of gloves, a scroll of blinking {!r}, a +0
                  | robe; and the following spell memorised: Apportation; and
                  | the following spells available to memorise: Gell's Gravitas
     0 | D:1      | Reached XP level 1. HP: 17/17 MP: 6/6
     0 | D:1      | magus.rc [v1.9.6]
    88 | D:1      | Found a faded altar of an unknown god.
    99 | D:1      | Prayed at the altar of an unknown god.
    99 | D:1      | Became a worshipper of Fedhas Madash
    99 | D:1      | Reached * piety under Fedhas
   188 | D:1      | magus.rc [v1.9.6]
   188 | D:1      | Quit the game

Vanquished Creatures
  A quokka (D:1)
  3 ball pythons (D:1)
  A bat (D:1)
  A frilled lizard (D:1)
  A rat (D:1)
7 creatures vanquished.

Table legend:
 A = Non-vault XP
 B = Vault XP
 C = Vault XP percentage of total XP
 D = Non-vault monster count
 E = Vault monster count
 F = Vault count percentage of total count
                 A         B        C        D         E       F
            +---------+---------+-------+---------+---------+-------
      Total |       5 |       4 |  44.4 |       4 |       3 |  42.9
            +---------+---------+-------+---------+---------+-------
        D:1 |       5 |       4 |  44.4 |       4 |       3 |  42.9
            +---------+---------+-------+---------+---------+-------

Illustrated notes

Table legend:
 A = Kills in this place as a percentage of kills in entire the game.
 B = Kills by you in this place as a percentage of kills by you in the entire game.
 C = Kills by friends in this place as a percentage of kills by friends in the entire game.
 D = Other kills in this place as a percentage of other kills in the entire game.
 E = Experience gained in this place as a percentage of experience gained in the entire game.
 F = Experience gained in this place divided by the number of levels of this place that you have seen.
                   A       B       C       D       E      F
               +-------+-------+-------+-------+-------+----------------------
         Total | 100.0 | 100.0 |   N/A |   N/A | 100.0 |   9.0
       Dungeon | 100.0 | 100.0 |   N/A |   N/A | 100.0 |   9.0
               +-------+-------+-------+-------+-------+----------------------

Table legend: (Time is in decaauts)
 A = Elapsed time spent in this place.
 B = Non-inter-level travel time spent in this place.
 C = Inter-level travel time spent in this place.
 D = Time resting spent in this place.
 E = Time spent auto-exploring this place.
 F = Levels seen in this place.
 G = Mean time per level.
                   A        B        C        D        E       F      G
               +--------+--------+--------+--------+--------+-----+--------+
         Total |    191 |    191 |      0 |      0 |    157 |   1 |  191.0 |
       Dungeon |    191 |    191 |      0 |      0 |    157 |   1 |  191.0 |
               +--------+--------+--------+--------+--------+-----+--------+

Top non-repeatable levels by time:
     D:1: 191 daAuts
